 Seeded DCSS version 0.30-a0-847-g17996783a1 (webtiles) character file.

Game seed: 8796237800415217726 (custom seed)

307891 BigDaddyOpFi the Tortoise (level 20, -13/172 HPs)
             Began as an Armataur Fighter on Feb 28, 2023.
             Was the Champion of Hepliaklqana.
             Mangled by a walking earthen tome (25 damage)
             ... on level 4 of the Abyss on Mar 3, 2023.
             The game lasted 01:10:41 (35595 turns).

BigDaddyOpFi the Tortoise (Armataur Fighter)       Turns: 35595, Time: 01:10:42

Health: -13/172    AC: 47    Str: 36    XL:     20   Next: 34%
Magic:  28/28      EV:  9    Int:  4    God:    Hepliaklqana [******]
Gold:   4063       SH: 31    Dex: 17    Spells: 19/19 levels left

rFire   x . .      SeeInvis +    I - +11 war axe of Change {holy, rN+}
rCold   + + +      Faith    .    F - +10 tower shield of Ignorance {rN+ Int-4}
rNeg    + + +      Spirit   .    H - +9 scale mail "Zulutzomn" {rC+ Stlth+}
rPois   +          Reflect  .    t - +2 hat "Abarysest" {rPois rC++ Regen+}
rElec   .          Roll     +    w - +2 cloak of the Thief {*Fog Slay-2 SInv Stlth+}
rCorr   .                        Z - +2 pair of gloves
Will    +....                    i - +10 Black Knight's barding {ponderous, rPois rN+}
Stlth   +                        m - amulet of regeneration
HPRegen 2.08/turn                Q - +6 ring of strength
MPRegen 0.21/turn                S - +6 ring of dexterity

@: about to teleport, silenced, slow
A: reduced essence, large, rugged brown scales 3, deformed body, armoured tail,
roll, long tongue, awkward tongue, low MP 1, poison resistance, heat
vulnerability 1, [screaming 1]
}: 2/15 runes: decaying, gossamer
a: Renounce Religion


You were on level 4 of the Abyss.
You worshipped Hepliaklqana.
Hepliaklqana was exalted by your worship.
You visited 8 branches of the dungeon, and saw 37 of its levels.
You visited the Abyss 3 times.
You also visited: Bailey.

You collected 5264 gold pieces.
You spent 1201 gold pieces at shops.

Inventory:

Hand Weapons
 j - a +8 eveningstar of holy wrath
 B - the +6 morningstar of the Land of Plenty {heavy, rPois rF+++ Will+ Dex-5}
   (You found it on level 2 of the Spider Nest)

   Dex:       It affects your dexterity (-5).
   rF:        It renders you almost immune to fire.
   rPois:     It protects you from poison.
   Will:      It increases your willpower.
 I - the +11 war axe of Change (weapon) {holy, rN+}
   (You bought it in a shop on level 9 of the Dungeon)

   rN:        It protects you from negative energy.
Missiles
 V - 6 javelins (quivered)
 W - 4 throwing nets
Armour
 i - the +10 Black Knight's barding (worn) {ponderous, rPois rN+}
   (You acquired it on level 1 of the Dungeon)

   rPois:     It protects you from poison.
   rN:        It protects you from negative energy.
 t - the +2 hat "Abarysest" (worn) {rPois rC++ Regen+}
   (You found it on level 4 of the Spider Nest)

   rC:        It greatly protects you from cold.
   rPois:     It protects you from poison.
   Regen:     It increases your rate of health regeneration.
 w - the +2 cloak of the Thief (worn) {*Fog Slay-2 SInv Stlth+}
   (You bought it in a shop on level 2 of the Dungeon)

   *Fog:      It may release a thick cloud of smoke when the wearer is hurt.
   Slay:      It affects your accuracy & damage with ranged weapons and melee
   (-2).
   SInv:      It lets you see invisible.
   Stlth:     It makes you more stealthy.
 F - the +10 tower shield of Ignorance (worn) {rN+ Int-4}
   (You found it in a bailey)

   Int:       It affects your intelligence (-4).
   rN:        It protects you from negative energy.
 H - the +9 scale mail "Zulutzomn" (worn) {rC+ Stlth+}
   (You found it in a bailey)

   rC:        It protects you from cold.
   Stlth:     It makes you more stealthy.
 Z - a +2 pair of gloves (worn)
Jewellery
 a - an amulet of the acrobat
 b - an amulet of magic regeneration
 d - an amulet of reflection
 m - an amulet of regeneration (around neck)
 o - a ring of protection from cold
 J - a ring of willpower
 L - a ring of wizardry
 N - a ring of protection from fire
 Q - a +6 ring of strength (left hand)
 R - an amulet of faith
 S - a +6 ring of dexterity (right hand)
Wands
 k - a wand of roots (18)
 v - a wand of flame (79)
 x - a wand of paralysis (37)
 D - a wand of polymorph (13)
 K - a wand of light (6)
 M - a wand of mindburst (14)
Scrolls
 c - 11 scrolls of teleportation
 p - 9 scrolls of noise
 z - 5 scrolls of fear
 A - 3 scrolls of poison
 C - 6 scrolls of fog
 E - a scroll of magic mapping
 P - 2 scrolls of enchant armour
 T - 21 scrolls of identify
Potions
 e - a potion of berserk rage
 g - 9 potions of attraction
 h - 4 potions of magic
 l - 5 potions of lignification
 n - 6 potions of invisibility
 q - 5 potions of mutation
 r - 9 potions of brilliance
 s - 5 potions of ambrosia
 u - 9 potions of haste
 O - 5 potions of cancellation
 X - a potion of resistance
Miscellaneous
 y - a box of beasts
 G - a phantom mirror
 U - a piece from Xom's chessboard (15/15)


   Skills:
 + Level 15.3 Fighting
 - Level 10.3(11.9) Axes
 + Level 10.5(12.6) Maces & Flails
 + Level 19.4 Armour
 + Level 7.5 Dodging
 + Level 17.9 Shields
 + Level 15.7 Invocations
 + Level 10.0 Evocations


You had 19 spell levels left.
You didn't know any spells.
Your spell library contained the following spells:

 Spells                   Type           Power      Damage    Failure   Level
 Kiss of Death            Conj/Necr      0%         2d5       87%         1
 Magic Dart               Conj           0%         1d3       87%         1
 Shock                    Conj/Air       0%         1d3       87%         1
 Blink                    Tloc           0%         N/A       95%         2
 Call Imp                 Summ           0%         N/A       95%         2
 Cigotuvi's Dreadful Rot  Necr/Pois/Air  0%         N/A       95%         2
 Ensorcelled Hibernation  Hex/Ice        0%         N/A       95%         2
 Lesser Beckoning         Tloc           0%         N/A       95%         2
 Momentum Strike          Conj/Tloc      0%         3d8       95%         2
 Passwall                 Tmut/Erth      0%         N/A       95%         2
 Poisonous Vapours        Pois/Air       0%         N/A       95%         2
 Searing Ray              Conj           0%         2d4       95%         2
 Sublimation of Blood     Necr           0%         N/A       95%         2
 Call Canine Familiar     Summ           0%         N/A       99%         3
 Confusing Touch          Hex            0%         N/A       99%         3
 Gell's Gravitas          Tloc           0%         N/A       99%         3
 Ignite Poison            Fire/Tmut/Pois 0%         N/A       99%         3
 Kindle Blastsparks       Fire/Tloc/Air  0%         2d10      99%         3
 Mephitic Cloud           Conj/Pois/Air  0%         N/A       99%         3
 Ozocubu's Armour         Ice            0%         N/A       99%         3
 Portal Projectile        Hex/Tloc       0%         N/A       99%         3
 Swiftness                Air            0%         N/A       99%         3
 Teleport Other           Tloc           0%         N/A       99%         3
 Vhi's Electric Charge    Tloc/Air       0%         N/A       99%         3
 Airstrike                Air            0%         2d(0-16)  100%        4
 Dispel Undead            Necr           0%         3d6       100%        4
 Fulminant Prism          Conj/Hex       0%         3d5       100%        4
 Leda's Liquefaction      Hex/Erth       0%         N/A       100%        4
 Petrify                  Tmut/Erth      0%         N/A       100%        4
 Arcjolt                  Conj/Air       0%         1d10      100%        5
 Blade Hands              Tmut           0%         N/A       100%        5
 Freezing Cloud           Conj/Ice/Air   0%         6-21      100%        5
 Irradiate                Conj/Tmut      0%         3d11      100%        5
 Metabolic Englaciation   Hex/Ice        0%         N/A       100%        5
 Yara's Violent Unravell  Hex/Tmut       0%         3d3       100%        5
 Simulacrum               Ice/Necr       0%         N/A       100%        6
 Statue Form              Tmut/Erth      0%         N/A       100%        6
 Dragon Form              Tmut           0%         N/A       100%        7
 Enfeeble                 Hex            0%         N/A       100%        7
 Malign Gateway           Summ/Tloc      0%         N/A       100%        7
 Maxwell's Capacitive Co  Air            0%         ∞         100%        8
 Dragon's Call            Summ           0%         N/A       100%        9


Dungeon Overview and Level Annotations

Branches:
Dungeon (15/15)            Temple (1/1) D:6            Lair (5/5) D:8
  Swamp (4/4) Lair:2       Spider (4/4) Lair:3        Slime (3/5) Lair:5
    Orc (2/2) D:11            Elf (3/3) Orc:2        Vaults (0/5) D:14
 Depths (0/4) D:15         Bailey (visited)

Altars:
Ashenzari
Cheibriados
Dithmenos
Elyvilon
Fedhas
Gozag
Hepliaklqana
Kikubaaqudgha
Makhleb
Nemelex Xobeh
Okawaru
Qazlal
Ru
Sif Muna
Trog
Uskayaw
Vehumet
Wu Jian
Xom
Yredelemnul
Zin
The Shining One
Jiyva

Shops:
D:1 :   D:2 *   D:5 (   D:9 ((*:==   Orc:2 (((!!   Elf:2 (

Portals:
Trove: D:11 (show slimy rune of Zot)

Annotations:
Elf:1 3 runed translucent doors


Innate Abilities, Weirdness & Mutations

Your life essence is reduced to manifest your ancestor. (-10% HP)
You are completely covered in rugged brown scales. (AC +3, +7% HP)
Armour fits poorly on your strangely shaped body.
You have a long armoured tail.
You roll when moving toward enemies. (Rampage)
Your long tongue fully drains potion bottles. (2x potion effects)
Your tongue gives you trouble enunciating. (1.5x scroll delay)
Your magical capacity is low. (-10% MP)
Your system is resistant to poisons. (rPois)
You are vulnerable to heat. (rF-)
[You occasionally shout uncontrollably at your foes.]


Message History

You block the thrashing horror's attack.
The thrashing horror barely misses you.
You block the thrashing horror's attack. x2
The walking frostbound tome hits you but does no damage.
You block the thrashing horror's attack.
The thrashing horror closely misses you.
The thrashing horror tramples you!
You hold your ground!
The thrashing horror tramples you but does no damage.
You block the walking earthen tome's attack.
The earth elemental hits you!
* * * LOW HITPOINT WARNING * * *
You roll towards the thrashing horror!
You slice the thrashing horror!!
Your tail-slap misses the thrashing horror.
The thrashing horror is severely damaged.
You slash the thrashing horror! You hit the thrashing horror.
You destroy the thrashing horror!
You slash the thrashing horror! You slash the walking frostbound tome!
You barely miss the walking earthen tome.
The thrashing horror churns violently!
The thrashing horror seems to grow stronger.
You block the thrashing horror's attack.
The thrashing horror tramples you but does no damage. x2
You block the thrashing horror's attack. x2
The thrashing horror barely misses you. The walking frostbound tome hits you!
* * * LOW HITPOINT WARNING * * *
The walking frostbound tome freezes you!
You resist.
* * * LOW HITPOINT WARNING * * *
The walking earthen tome hits you.
* * * LOW HITPOINT WARNING * * *
You feel the corruption within you wane somewhat.
Your urge to scream lessens.
Your box of beasts has recharged.
You block the thrashing horror's attack. x2
The thrashing horror tramples you.
* * * LOW HITPOINT WARNING * * *
You hold your ground!
You block the thrashing horror's attack.
The walking earthen tome hits you!!
You die...

. # .# .....
##.## # . #. #
....# .# # .
.#.
###..#..#.... .
. # .h.###. ##
. .#. .E# # ##
. #..##E######
# .##§§;§§....
#.###§;X§#.....
#⌠ . #..§§@§§#
##. .E #.
§§§XX.# .
..#..§§§§§#.#
###....##...
#.# .# ##.
#.#... .# φ


You could see a walking earthen tome, a walking frostbound tome and 3 thrashing
horrors.

Vanquished Creatures
  Mara (Swamp:3)
  A deep elf blademaster (Elf:3)
  2 deep elf master archers (Elf:3)
  A lich (Abyss:4)
  An acid blob (Slime:1)
  4 tentacled starspawn (Abyss:4)
  A shadow dragon (Elf:1)
  A draconian monk (Abyss:4)
  A revenant (Abyss:4)
  Roxanne (D:15)
  A rockslime (Slime:2)
  2 azure jellies
  2 deep elf sorcerers (Elf:3)
  3 emperor scorpions
  3 deep elf elementalists (Elf:3)
  2 quicksilver oozes (Slime:1)
  2 very ugly things
  The ghost of drewk1942 the Brawler, a journeyman TrMo of Wu Jian (Lair:3)
  5 ghost moths
  4 broodmothers
  Nessos (D:15)
  5 eleionomae
  6 deep elf demonologists
  4 deep elf annihilators
  2 dire elephants (Lair:5)
  A spark wasp (Spider:4)
  2 green deaths
  4 deep elf death magi
  The ghost of loam the Destroyer, a journeyman DsEE of Vehumet (Lair:2)
  Josephine (D:15)
  3 entropy weavers
  A shambling mangrove (Swamp:3)
  2 deep elf high priests (Elf:3)
  2 vault guards (D:14)
  2 rakshasas
  Fannar (D:11)
  15 hydras
  2 great orbs of eyes
  An ogre mage (D:14)
  2 radroaches (Spider:3)
  An ice dragon (Swamp:1)
  2 centaur warriors
  2 jorogumos
  5 two-headed ogres
  A ghost crab (Swamp:2)
  A catoblepas (Lair:5)
  4 boulder beetles
  2 death yaks
  A death scarab (Spider:4)
  26 dancing weapons
  2 tengu warriors (D:13)
  2 orc high priests
  4 alligators
  Urug (D:13)
  2 thrashing horrors
  Sonja (D:11)
  16 deep elf knights
  Nergalle (Orc:1)
  4 pharaoh ants
  5 spriggans
  A spectral death yak (Lair:5)
  5 wretched stars (Abyss:4)
  A quicksilver dragon simulacrum (Abyss:4)
  A spatial maelstrom (Abyss:3)
  4 spriggan druids
  21 slime creatures
  15 swamp dragons
  5 orb spiders
  5 goliath frogs
  An obsidian statue (Lair:5)
  5 deep elf archers
  A spectral anaconda (Lair:5)
  9 orc knights
  5 bog bodies
  5 large abominations
  2 steelbarb worms
  8 deep elf zephyrmancers
  3 necromancers
  A mana viper (Abyss:4)
  17 deep elf pyromancers
  2 shining eyes (Slime:1)
  5 manticores
  An oklob plant (Orc:1)
  7 cyclopes
  A moth of wrath (Spider:2)
  13 ugly things
  An orc sorcerer (D:14)
  14 wolf spiders
  4 will-o-the-wisps
  17 elephants
  Maurice (D:13)
  3 black mambas
  An eye of devastation (Slime:1)
  4 naga magi (D:15)
  An orange demon (Abyss:4)
  7 demonic crawlers
  2 centaur skeletons (D:15)
  5 gargoyles
  9 cane toads
  A centaur zombie (D:15)
  2 unseen horrors
  3 torpor snails
  A rime drake (D:8)
  2 yaktaurs (D:14)
  6 komodo dragons
  2 kobold demonologists (D:13)
  A tengu conjurer (D:13)
  3 efreet
  3 ancient zymes (Abyss:3)
  6 meliai
  7 tyrant leeches
  A polar bear (D:8)
  6 trolls
  A wolf spider simulacrum (D:15)
  12 hornets
  18 tarantellas
  15 blink frogs
  13 raiju
  A shadow (D:10)
  17 jumping spiders
  5 wraiths
  4 wyverns
  2 vampires
  A ynoxinul (Abyss:3)
  17 culicivoras
  A culicivora (shapeshifter) (D:13)
  5 water elementals
  24 yaks
  A basilisk (Lair:5)
  3 fire elementals
  A yak (shapeshifter) (D:13)
  29 redbacks
  24 vampire mosquitoes
  A steam dragon (D:9)
  2 death yak simulacra (Lair:5)
  10 swamp worms
  2 neqoxecs
  5 wargs
  A spatial vortex (Abyss:3)
  16 water moccasins
  2 acid dragons
  A floating eye (D:12)
  A swamp drake (Swamp:4)
  4 ice beasts
  An elephant zombie (Lair:5)
  A sky beast (D:7)
  3 black bears
  34 orc warriors
  4 ogres
  10 wolves
  4 boggarts (D:14)
  8 centaurs
  4 kobold brigands
  5 earth elementals
  12 bullfrogs
  2 necrophages (D:6)
  A gnoll sergeant (D:8)
  2 scorpions
  7 wights
  An elephant simulacrum (Lair:5)
  16 killer bees
  6 howler monkeys
  4 small abominations (Abyss:3)
  2 vampire bats (Lair:1)
  2 electric eels
  7 jellies
  2 quasits
  2 hounds
  2 gnoll boudas
  11 orc priests
  20 starcursed masses (Abyss:4)
  2 iguanas
  14 orc wizards
  13 gnolls
  8 adders
  A shadow imp (D:5)
  2 ufetubi
  A worm (D:2)
  62 orcs
  9 endoplasms
  6 giant cockroaches
  5 hobgoblins
  11 jackals
  3 quokkas
  4 ball pythons
  11 bats
  6 goblins
  13 kobolds
  5 rats
  A lurking horror (Abyss:4)
  3 starspawn tentacles (Abyss:4)
1029 creatures vanquished.

Vanquished Creatures (collateral kills)
  A deep elf blademaster (Elf:3)
  3 acid blobs
  Kirke (D:15)
  A deep elf sorcerer (Elf:3)
  2 emperor scorpions (Spider:4)
  3 ghost moths
  2 deep elf elementalists (Elf:3)
  A broodmother (Spider:3)
  3 eleionomae
  A white draconian (Abyss:3)
  3 deep elf annihilators (Elf:3)
  8 starcursed masses (Abyss:4)
  A bunyip (Swamp:1)
  A deep elf death mage (Elf:3)
  A fire dragon (Elf:1)
  A shambling mangrove (Swamp:4)
  3 deep elf high priests
  10 hydras
  2 boulder beetles
  3 centaur warriors
  10 dancing weapons
  2 two-headed ogres
  An alligator (Swamp:2)
  A thrashing horror (Abyss:3)
  3 death yaks
  An orc high priest (Elf:3)
  2 skysharks (Lair:3)
  5 deep elf knights
  3 spriggans (Swamp:4)
  A wretched star (Abyss:4)
  A pharaoh ant (Spider:2)
  6 deep elf archers
  6 orb spiders
  14 slime creatures
  6 swamp dragons
  A steelbarb worm (Spider:2)
  2 necromancers (Lair:5)
  10 deep elf pyromancers
  8 deep elf zephyrmancers
  A shining eye (Slime:2)
  A will-o-the-wisp (Swamp:3)
  7 elephants
  9 wolf spiders
  5 cyclopes (D:13)
  A moth of wrath (Spider:3)
  3 torpor snails
  4 black mambas
  2 smoke demons (Abyss:4)
  A gargoyle (D:13)
  2 demonic crawlers
  A rime drake (Lair:2)
  2 cane toads (Lair:5)
  A yaktaur (D:14)
  3 komodo dragons
  An efreet (D:13)
  An ice devil (Abyss:4)
  A polar bear (Lair:2)
  An ancient zyme (Abyss:4)
  4 trolls
  3 tyrant leeches
  5 tarantellas
  4 blink frogs
  8 hornets
  4 raiju (Abyss:3)
  12 jumping spiders
  6 culicivoras
  2 water elementals
  2 air elementals
  5 yaks
  2 wraiths
  3 hogs (D:15)
  A fire elemental (Elf:1)
  11 redbacks
  A basilisk (Lair:5)
  A steam dragon (Lair:2)
  A neqoxec (Abyss:4)
  A warg (Elf:3)
  2 vampire mosquitoes
  5 swamp worms
  3 water moccasins
  2 hell hounds (Abyss:4)
  2 swamp drakes
  10 orc warriors
  2 wolves (Lair:2)
  14 centaurs
  2 ogres
  3 small abominations
  A kobold brigand (D:13)
  A bullfrog (Lair:3)
  An earth elemental (Elf:2)
  A wight (D:9)
  A killer bee (D:11)
  An electric eel (Spider:2)
  A howler monkey (D:9)
  A vampire bat (Lair:1)
  A quasit (Abyss:4)
  3 orc priests
  2 orc wizards
  A boggart simulacrum (D:14)
  17 orcs
  2 goblins (D:9)
  3 kobolds
  A lurking horror (Abyss:3)
  A starspawn tentacle (Abyss:4)
341 creatures vanquished.

Vanquished Creatures (others)
  A deep elf blademaster (Elf:2)
  A centaur warrior (D:13)
  A deep elf knight (Elf:1)
  A deep elf archer (Elf:1)
  2 deep elf zephyrmancers
  A freezing wraith (D:14)
  3 bloated husks
  A jumping spider (Spider:2)
  A shadow (D:12)
  2 humans (D:15)
  An acid dragon (D:13)
  An orc warrior (Elf:3)
  22 knights
  3 ancestors
  39 foxfires
  23 fungi
  A lurking horror (Abyss:3)
  28 plants
  11 starspawn tentacles (Abyss:4)
  30 withered plants
173 creatures vanquished.

Grand Total: 1543 creatures vanquished

Notes
Turn   | Place    | Note
-------+----------+-------------------------------------------
     0 | D:1      | BigDaddyOpFi the Armataur Fighter began the quest for the
                  | Orb.
     0 | D:1      | Reached XP level 1. HP: 19/19 MP: 1/1
    37 | D:1      | Found Veoliky's Book Emporium.
    49 | D:1      | Identified 3 scrolls of acquirement
    49 | D:1      | Acquired the +10 Black Knight's barding {ponderous, rPois
                  | rN+}
    49 | D:1      | Found the +10 Black Knight's barding {ponderous, rPois rN+}
    56 | D:1      | Acquired a +2 eveningstar of holy wrath
    58 | D:1      | Acquired 795 gold pieces
   233 | D:1      | Reached XP level 2. HP: 26/26 MP: 2/2
   536 | D:2      | Found a faded altar of an unknown god.
   545 | D:2      | Reached skill level 4 in Armour
   545 | D:2      | Reached XP level 3. HP: 23/33 MP: 3/3
   888 | D:2      | Identified the +4 hand axe "Fumm" {freeze, *Rage Dex+4}
  1091 | D:2      | Found Fuiquv's Assorted Antiques.
  1101 | D:2      | Bought the +2 cloak of the Thief {*Fog Slay-2 SInv Stlth+}
                  | for 442 gold pieces
  1101 | D:2      | Found the +2 cloak of the Thief {*Fog Slay-2 SInv Stlth+}
  1155 | D:2      | Reached XP level 4. HP: 28/40 MP: 4/4
  2103 | D:4      | Reached XP level 5. HP: 43/48 MP: 5/5
  2153 | D:4      | Reached skill level 5 in Armour
  2420 | D:4      | Reached XP level 6. HP: 51/55 MP: 6/6
  2674 | D:2      | Bought a glowing plate armour for 572 gold pieces
  2749 | D:5      | Entered Level 5 of the Dungeon
  2866 | D:5      | Reached skill level 5 in Shields
  2977 | D:5      | Found Zunkiod's Weapon Emporium.
  3056 | D:5      | Reached XP level 7. HP: 20/64 MP: 7/7
  3431 | D:5      | Reached skill level 6 in Armour
  3685 | D:5      | Reached skill level 1 in Maces & Flails
  3849 | D:6      | Found a staircase to the Ecumenical Temple.
  3977 | Temple   | Entered the Ecumenical Temple
  4209 | Temple   | Became a worshipper of Hepliaklqana the Forgotten
  4262 | D:6      | Reached skill level 5 in Fighting
  4267 | D:6      | Reached XP level 8. HP: 72/72 MP: 8/8
  4636 | D:6      | Reached skill level 1 in Invocations
  4994 | D:7      | Reached skill level 7 in Armour
  5421 | D:7      | Reached * piety under Hepliaklqana
  5557 | D:6      | Reached XP level 9. HP: 69/72 MP: 11/11
  5944 | D:8      | Reached skill level 8 in Armour
  5989 | D:8      | Noticed a rime drake
  5991 | D:8      | Noticed a polar bear
  6013 | D:8      | Killed a rime drake
  6028 | D:8      | Killed a polar bear
  6043 | D:8      | Found a staircase to the Lair.
  6244 | D:8      | Reached XP level 10. HP: 81/81 MP: 13/13
  6381 | D:8      | Reached ** piety under Hepliaklqana
  6382 | D:8      | Remembered your ancestor Cipactli as a knight
  6550 | D:9      | Found a sacrificial altar of Ru.
  6553 | D:9      | Found a white marble altar of Elyvilon.
  6561 | D:9      | Reached skill level 9 in Armour
  6568 | D:9      | Reached skill level 5 in Maces & Flails
  6597 | D:9      | Reached skill level 5 in Invocations
  6598 | D:9      | Noticed a two-headed ogre
  6604 | D:9      | Killed a two-headed ogre
  6676 | D:9      | Found Tici Jal's Jewellery Shoppe.
  6688 | D:9      | Upgraded the game from 0.30-a0-830-gfe289a77b0 to
                  | 0.30-a0-847-g17996783a1
  6707 | D:9      | Found Rosap's Jewellery Shoppe.
  6756 | D:9      | Found a flagged portal.
  6766 | Bailey   | Entered a bailey
  6793 | Bailey   | Found a large runed translucent door.
  6793 | Bailey   | Found a large runed translucent door.
  6796 | Bailey   | Noticed an orc knight
  6798 | Bailey   | Noticed a deep elf zephyrmancer
  6803 | Bailey   | Found the +10 tower shield of Ignorance {rN+ Int-4}
  6812 | Bailey   | Killed an orc knight
  6819 | Bailey   | Reached skill level 10 in Armour
  6854 | Bailey   | Killed a deep elf zephyrmancer
  6885 | Bailey   | Identified the +9 scale mail "Zulutzomn" {rC+ Stlth+}
  7051 | D:9      | Found Plog's Assorted Antiques.
  7095 | D:9      | Found Humoutoe's Hydra Hut.
  7097 | D:9      | Noticed an eight-headed hydra
  7164 | D:9      | Found Gokaos's Book Shop.
  7199 | D:9      | Found Fouth's Antique Weapon Shop.
  7209 | D:9      | Bought a warped war axe for 187 gold pieces
  7209 | D:9      | Identified the +11 war axe of Change {holy, rN+} (You
                  | bought it in a shop on level 9 of the Dungeon)
  7385 | D:9      | Reached *** piety under Hepliaklqana
  7405 | D:9      | Reached XP level 11. HP: 91/91 MP: 15/15
  7507 | D:10     | Entered Level 10 of the Dungeon
  8032 | D:10     | Found an ornate altar of the Wu Jian Council.
  8179 | D:11     | Reached **** piety under Hepliaklqana
  8266 | D:11     | Found a staircase to the Orcish Mines.
  8267 | D:11     | Noticed Fannar
  8279 | D:11     | Killed Fannar
  8324 | D:11     | Noticed Sonja
  8339 | D:11     | Reached skill level 10 in Shields
  8340 | D:11     | Killed Sonja
  8400 | D:11     | Found a portal to a secret trove of treasure.
  8704 | D:12     | Reached skill level 11 in Armour
  8768 | D:12     | Reached skill level 5 in Axes
  8808 | D:12     | Reached XP level 12. HP: 83/99 MP: 17/17
  9068 | D:12     | Noticed a two-headed ogre
  9073 | D:12     | Paralysed by a floating eye for 4 turns
  9078 | D:12     | Paralysed by a floating eye for 2 turns
  9083 | D:12     | Noticed a two-headed ogre
  9084 | D:12     | Killed a two-headed ogre
  9084 | D:12     | Paralysed by a floating eye for 4 turns
  9143 | D:12     | Reached skill level 12 in Armour
  9148 | D:12     | Killed a two-headed ogre
  9452 | D:13     | Noticed a boulder beetle
  9460 | D:13     | Noticed a boulder beetle
  9467 | D:13     | Noticed a two-headed ogre
  9471 | D:13     | Killed a boulder beetle
  9474 | D:13     | Noticed a tengu warrior
  9475 | D:13     | Killed a two-headed ogre
  9482 | D:13     | Noticed a boulder beetle
  9484 | D:13     | Killed a tengu warrior
  9495 | D:13     | Killed a boulder beetle
  9523 | D:13     | Killed a boulder beetle
  9541 | D:13     | Noticed a centaur warrior
  9550 | D:13     | Killed a centaur warrior
  9551 | D:13     | Reached XP level 13. HP: 96/109 MP: 19/19
  9636 | D:13     | Reached skill level 10 in Fighting
  9879 | D:13     | Reached skill level 13 in Armour
  9965 | D:13     | Reached ***** piety under Hepliaklqana
 10166 | D:13     | Noticed Maurice
 10173 | D:13     | Killed Maurice
 10263 | D:13     | Noticed Urug
 10270 | D:13     | Killed Urug
 10352 | D:13     | Reached skill level 10 in Invocations
 10731 | Lair:1   | Entered Level 1 of the Lair of Beasts
 11944 | Lair:2   | Reached XP level 14. HP: 103/118 MP: 21/21
 11992 | Lair:2   | Found a staircase to the Swamp.
 12066 | Lair:2   | Reached skill level 14 in Armour
 12410 | Lair:3   | Found a runed translucent gate.
 12411 | Lair:3   | Found a runed translucent gate.
 12412 | Lair:3   | Found a runed translucent gate.
 12412 | Lair:3   | Noticed loam's ghost (journeyman DsEE)
 12412 | Lair:3   | Noticed drewk1942's ghost (journeyman TrMo)
 12843 | Lair:3   | Found a hole to the Spider Nest.
 13411 | Lair:2   | Killed loam's ghost
 13539 | Lair:3   | Killed drewk1942's ghost
 13838 | Lair:4   | Reached ****** piety under Hepliaklqana
 14422 | Lair:5   | Entered Level 5 of the Lair of Beasts
 14885 | Lair:5   | Reached skill level 15 in Armour
 14949 | Lair:5   | Found a viscous altar of Jiyva.
 14949 | Lair:5   | Found a staircase to the Slime Pits.
 15196 | Lair:5   | Reached XP level 15. HP: 110/128 MP: 23/23
 16031 | Orc:1    | Entered Level 1 of the Orcish Mines
 16067 | Orc:2    | Entered Level 2 of the Orcish Mines
 16145 | Orc:2    | Found a staircase to the Elven Halls.
 16389 | Orc:2    | Found Wusyto's Weapon Boutique.
 16389 | Orc:2    | Found Fiamidam's Distillery.
 16391 | Orc:2    | Found Linnuh's Distillery.
 16393 | Orc:2    | Found Luuh's Weapon Shop.
 16450 | Orc:2    | Found Vampialu's Antique Weapon Shop.
 16672 | Orc:1    | Noticed Nergalle
 16684 | Orc:1    | Killed Nergalle
 17224 | Elf:1    | Entered Level 1 of the Elven Halls
 17320 | Elf:1    | Identified the +3 long sword of Parts Unknown {heavy, rN+
                  | rCorr Dex+2}
 17328 | Elf:1    | Noticed a Tzitzimitl
 17328 | Elf:1    | Noticed a Tzitzimitl
 17330 | Elf:1    | Noticed a Brimstone Fiend
 17332 | Elf:1    | Noticed an Ice Fiend
 18080 | D:15     | Entered Level 15 of the Dungeon
 18367 | D:15     | Noticed Roxanne
 18648 | D:15     | Noticed Kirke
 18661 | D:15     | Killed Kirke
 18784 | D:15     | Noticed Josephine
 18791 | D:15     | Killed Josephine
 18926 | D:14     | Reached skill level 16 in Armour
 18992 | D:14     | Found a gate to the Vaults.
 19003 | D:14     | Reached skill level 10 in Axes
 19769 | Spider:1 | Entered Level 1 of the Spider Nest
 19807 | Spider:1 | Reached XP level 16. HP: 136/136 MP: 25/25
 19993 | Spider:1 | Reached skill level 1 in Evocations
 19998 | Spider:1 | Reached skill level 15 in Shields
 20063 | Spider:1 | Identified the +1 pair of boots of Ennui {rPois}
 20109 | Spider:1 | Reached skill level 1 in Dodging
 21108 | Spider:2 | Identified the +6 morningstar of the Land of Plenty {heavy,
                  | rPois rF+++ Will+ Dex-5}
 22930 | Spider:3 | Reached XP level 17. HP: 145/145 MP: 27/27
 22933 | Spider:3 | Reached skill level 17 in Armour
 23184 | Spider:4 | Entered Level 4 of the Spider Nest
 23213 | Spider:4 | Identified the +6 arbalest "Angeun" {penet, rC+++}
 23963 | Spider:4 | Reached skill level 5 in Evocations
 23991 | Spider:4 | Identified the +1 hat of Ydorar {Harm Will+}
 24005 | Spider:4 | Identified the +1 hat of Lethargy {rF+}
 24006 | Spider:4 | Identified the +2 hat "Abarysest" {rPois rC++ Regen+}
 24260 | Spider:4 | Got a gossamer rune of Zot
 25296 | D:15     | Found a staircase to the Depths.
 25497 | D:15     | Noticed Nessos
 25517 | D:15     | Killed Nessos
 25584 | D:15     | Killed Roxanne
 25867 | Swamp:1  | Entered Level 1 of the Swamp
 26154 | Swamp:1  | Found a frozen archway.
 27147 | Swamp:2  | You fall into a shaft and drop 1 floor!
 27173 | Swamp:3  | Found a glowing golden altar of the Shining One.
 27189 | Swamp:3  | Got the Folio of Attendants and Infection
 27468 | Swamp:3  | Noticed Mara
 27480 | Swamp:3  | Noticed BigDaddyOpFi's illusion
 27518 | Swamp:3  | Killed Mara
 27519 | Swamp:3  | Reached XP level 18. HP: 91/154 MP: 28/28
 27956 | Swamp:4  | Entered Level 4 of the Swamp
 28068 | Swamp:4  | Reached skill level 5 in Dodging
 29118 | Swamp:4  | Reached skill level 18 in Armour
 29145 | Swamp:4  | Got a decaying rune of Zot
 29657 | Slime:1  | Entered Level 1 of the Pits of Slime
 29792 | Slime:1  | Found a viscous altar of Jiyva.
 30278 | Slime:2  | Gained mutation: You are vulnerable to heat. (rF-) [a
                  | shining eye]
 30292 | Slime:2  | Gained mutation: Your system is resistant to poisons.
                  | (rPois) [a shining eye]
 31446 | Elf:1    | Noticed a Hell Sentinel
 31519 | Elf:1    | Found a runed translucent gate.
 31519 | Elf:1    | Found a runed translucent gate.
 31519 | Elf:1    | Found a runed translucent gate.
 31519 | Elf:1    | Found a runed translucent gate.
 31519 | Elf:1    | Found a runed translucent gate.
 31521 | Elf:1    | Found a runed translucent gate.
 32058 | Abyss:3  | Cast into level 3 of the Abyss (a deep elf demonologist)
 32118 | Abyss:3  | Found a corrupted altar of Lugonu.
 32254 | Abyss:3  | Reached XP level 19. HP: 25/162 MP: 30/30
 32416 | Elf:1    | Escaped the Abyss
 32551 | Elf:1    | Gained mutation: Your magical capacity is low. (-10% MP) [a
                  | neqoxec]
 33373 | Elf:2    | Found a runed translucent gate.
 33373 | Elf:2    | Found a runed translucent gate.
 33374 | Elf:2    | Found a runed translucent gate.
 33391 | Elf:2    | Reached skill level 15 in Invocations
 33861 | Elf:2    | Found an ancient bone altar of Kikubaaqudgha.
 34060 | Elf:2    | Found Pocovo's Weapon Shop.
 34494 | Elf:3    | Entered Level 3 of the Elven Halls
 34676 | Elf:3    | Paralysed by an air elemental for 1 turns
 34691 | Elf:3    | Reached skill level 19 in Armour
 34709 | Elf:3    | Reached skill level 15 in Fighting
 34715 | Elf:3    | Reached skill level 10 in Maces & Flails
 34844 | Abyss:4  | Cast into level 4 of the Abyss (a deep elf sorcerer)
 34959 | Abyss:4  | Paralysed by accursed screaming for 1 turns
 34973 | Abyss:4  | Paralysed by accursed screaming for 1 turns
 34985 | Abyss:4  | Noticed a hellephant
 35003 | Abyss:4  | Found a corrupted altar of Lugonu.
 35031 | Abyss:4  | Reached XP level 20. HP: 170/172 MP: 28/28
 35074 | Abyss:4  | Paralysed by accursed screaming for 1 turns
 35115 | Abyss:4  | Paralysed by accursed screaming for 1 turns
 35172 | Abyss:4  | Paralysed by accursed screaming for 1 turns
 35185 | Abyss:4  | Lost intelligence.
 35190 | Elf:3    | Escaped the Abyss
 35459 | Elf:3    | Identified the +5 flail of Grontol {venom, Int+3}
 35514 | Elf:3    | Identified the ring "Ruru Guappy" {rC+ Will++ Int+6}
 35523 | Elf:3    | Identified the ring of Cenutweg {Fly rC+ rCorr}
 35529 | Abyss:4  | Cast into level 4 of the Abyss (a deep elf demonologist)
 35549 | Abyss:4  | Reached skill level 10 in Evocations
 35588 | Abyss:4  | HP: 2/172 [walking earthen tome (22)]
 35595 | Abyss:4  | Mangled by a walking earthen tome

Illustrated notes

Levels and vault maps discovered:
D:1:      heliophobic_arrival_henge, layout_rooms, serial_shops, shop_statue
D:2:      layout_basic, serial_shops, nicolae_lakefront_shop,
          ebering_ecumenical_altar_ruins
D:3:      layout_basic
D:4:      layout_rooms, kennysheep_generic_room_4
D:5:      layout_loops_corners, serial_shops, nicolae_shop_behind_doors
D:6:      layout_layer_cave, minmay_temple_entry_arrows, chequers_avenue
D:7:      layout_rooms, serial_aquarium, aquarium_bridge_straight
          [aquarium_subvault_bridge, aquarium_subvault_wall,
          aquarium_subvault_bridge, aquarium_subvault_window],
          aquarium_window_corridor_1, aquarium_window_1, aquarium_window_fake,
          aquarium_window_1, aquarium_view_2c, aquarium_view_2b,
          aquarium_balcony_3b, aquarium_pool_2
D:8:      layout_loops_ring, hellmonk_lair_entry_icy
D:9:      layout_irregular_city, nicolae_overflow_squiral, enter_bailey_3,
          serial_shops, shop, shop, nicolae_shop_window_shopping,
          nicolae_shop_hallway_stairs, shop, doesnt_shop_hydraphobe
D:10:     layout_basic, mainiacjoe_overflow_alcove_2
D:11:     layout_rooms, david_orc_2, nicolae_trove_entry_diagonal, uniq_fannar,
          uniq_sonja
D:12:     layout_loops_ring, onia_ninara_cookie
D:13:     minmay_quarter_circles, layout_stronghold, gauntlet_entry_generic,
          uniq_maurice, uniq_urug
D:14:     layout_roguey, grunt_vaults_entry_fortified,
          chequers_serial_rivers_small_a
D:15:     grunt_enter_depths_magical_seal, layout_loops_cross, uniq_nessos,
          uniq_kirke, uniq_roxanne, uniq_josephine
Temple:   nicolae_temple_bog_church
Lair:1:   layout_hall_layers, roderic_batcave
Lair:2:   layout_roguey, palyth_hydra_swamp_entry, lemuel_fruit_tree,
          serial_bayou_shore_a
Lair:3:   layout_gridlike, spider_nest_entry_a, gammafunk_ghost_cemetery
Lair:4:   layout_big_grid
Lair:5:   due_jungle_book, layout_layer_cave, dpeg_slime_entry_corner,
          columned_hall_lemuel
Swamp:1:  layout_basic_swamp, portal_ice_cave_entry_dragon, serial_swamp_ruin,
          evilmike_swamp_ruin_house_5, evilmike_swamp_ruin_house_3,
          evilmike_swamp_ruin_house_2, swamp_pool1
Swamp:2:  layout_basic_swamp, evilmike_swamp_ruin_house_1, swamp_pool4,
          st_swamp_ruins_1
Swamp:3:  layout_basic_swamp, hangedman_swamp_ruin_wall, swamp_pool4,
          lemuel_altar_in_water, infiniplex_staircase_pool, uniq_mara
Swamp:4:  swamp_alternative, layout_basic_swamp, swamp_pool4
Spider:1: layout_cave_pods
Spider:2: layout_spider_delve, hive_lemuel
Spider:3: nicolae_spider_hilbert_zone_7 [nicolae_spider_hilbert_4_sides_1_open,
          nicolae_spider_hilbert_4_sides_1_open,
          nicolae_spider_hilbert_4_sides_1_open,
          nicolae_spider_hilbert_4_sides_1_open,
          nicolae_spider_hilbert_3_sides_1_open,
          nicolae_spider_hilbert_3_sides_1_open,
          nicolae_spider_hilbert_3_sides_1_open,
          nicolae_spider_hilbert_3_sides_1_open,
          nicolae_spider_hilbert_4_sides_1_open,
          nicolae_spider_hilbert_4_sides_1_open,
          nicolae_spider_hilbert_4_sides_1_open,
          nicolae_spider_hilbert_2_sides_1_open,
          nicolae_spider_hilbert_2_sides_1_open,
          nicolae_spider_hilbert_2_sides_1_open,
          nicolae_spider_hilbert_2_sides_1_open,
          nicolae_spider_hilbert_2_sides_1_open,
          nicolae_spider_hilbert_2_sides_1_open]
Spider:4: spider_rune_water
Slime:1:  layout_caves, basic_altar
Slime:2:  layout_caves
Slime:3:  layout_caves
Orc:1:    layout_diamond_mine, mines3_lemuel, uniq_nergalle
Orc:2:    st_orc_rangers, layout_caves, serial_shops, shop
Elf:1:    minmay_elf_arrival_plus, layout_gridlike, orc_legates
Elf:2:    nicolae_elf_blades_splatter_lattice
          [nicolae_blade_entry_crossed_weapons], layout_gridlike, serial_sigils,
          serial_sigils_hangedman_gnaw, serial_sigils_hangedman_confine,
          serial_sigils_hangedman_carve, serial_sigils_hangedman_clutch,
          serial_shops, shop, small_statue_intersection, lemuel_statue_altar
Elf:3:    minmay_elf_hall_dome, layout_loops_cross
Abyss:4:  base: D:15, evilmike_abyss_exit_7, serial_sigils_hangedman_quiver,
          serial_sigils_hangedman_quiver, minivault_1, base: Vaults:1,
          kilobyte_mutagenic_chamber, evilmike_abyss_rune_ettins,
          evilmike_abyss_exit_12, spicy_abyss_unhelpful_harpoons,
          hangedman_abyss_or_decor_stabs, hangedman_abyss_mock_shop,
          evilmike_abyss_rune_elephants_shrine, base: D:5,
          hangedman_steaming_rock, hangedman_abyss_rune_flesh_and_stone

Skill      XL: |  1  2  3  4  5  6  7  8  9 10 11 12 13 14 15 16 17 18 19 20 |
---------------+-------------------------------------------------------------+-----
Fighting       | 3 4 5 6 7 8 9 10 11 12 13 14 15 | 15.3
Axes           | 2 3 5 6 7 9 10 | 10.3
Armour         | 4 5 6 7 8 10 11 12 13 15 16 17 18 19 | 19.4
Shields        | 4 5 6 7 8 9 10 11 12 13 14 15 16 17 | 17.9
Maces & Flails | 1 3 4 6 8 9 10 | 10.5
Invocations    | 2 4 6 7 9 10 11 12 13 14 15 | 15.7
Evocations     | 4 6 8 9 10 | 10.0
Dodging        | 3 4 6 7 |  7.5

Action                     |  1- 3 |  4- 6 |  7- 9 | 10-12 | 13-15 | 16-18 | 19-21 || total
---------------------------+-------+-------+-------+-------+-------+-------+-------++-------
  Melee: Eveningstar       |    79 |   161 |   304 |   104 |   736 |   821 |   433 ||  2638
         War axe           |     5 |       |       |   290 |   432 |   537 |   225 ||  1489
         Tailslap          |     4 |    16 |    37 |    62 |   202 |   274 |   127 ||   722
         Morningstar       |       |       |       |       |       |     9 |       ||     9
  Throw: Javelin           |       |       |       |       |     7 |       |       ||     7
 Invoke: Recall Ancestor   |       |       |       |     1 |     4 |     4 |     2 ||    11
         Ancestor Life: Kn |       |       |       |     1 |       |       |       ||     1
  Evoke: Wand              |       |       |       |       |     8 |       |       ||     8
         Box of beasts     |       |       |       |       |       |       |     1 ||     1
    Use: Scroll            |     3 |    11 |     8 |     6 |    13 |     5 |    11 ||    57
         Potion            |       |     1 |     4 |     2 |     5 |     2 |    24 ||    38
   Stab: Distracted        |       |       |       |     5 |    10 |    20 |     6 ||    41
         Sleeping          |       |       |       |     2 |     5 |    13 |     1 ||    21
         Invisible         |       |       |       |       |     3 |       |       ||     3
 Armour: Scale mail        |   126 |   165 |       |   175 |  1048 |  1194 |   479 ||  3187
         Plate armour      |       |    71 |   443 |   144 |       |       |       ||   658
  Dodge: Dodged            |    37 |    63 |    55 |    56 |   205 |   328 |   161 ||   905
  Block: Buckler           |    34 |    59 |   115 |       |       |       |       ||   208
         Kite shield       |       |       |    78 |    96 |       |       |       ||   174
         Tower shield      |       |       |       |   459 |  2225 |  2591 |  1057 ||  6332

Table legend: (Time is in decaauts)
 A = Elapsed time spent in this place.
 B = Non-inter-level travel time spent in this place.
 C = Inter-level travel time spent in this place.
 D = Time resting spent in this place.
 E = Time spent auto-exploring this place.
 F = Levels seen in this place.
 G = Mean time per level.
                   A        B        C        D        E       F      G
               +--------+--------+--------+--------+--------+-----+--------+
         Total |  38822 |  35853 |   2969 |   6009 |  18555 |  42 |  924.3 |
       Dungeon |  14745 |  13311 |   1434 |   1285 |   8474 |  15 |  983.0 |
        Temple |    265 |    246 |     19 |      0 |    173 |   1 |  265.0 |
          Lair |   6302 |   5446 |    856 |    631 |   3369 |   5 | 1260.4 |
         Swamp |   3975 |   3720 |    255 |    769 |   1699 |   4 |  993.8 |
   Spider Nest |   5498 |   5369 |    129 |   1241 |   2565 |   4 | 1374.5 |
    Slime Pits |   1619 |   1562 |     57 |    758 |    443 |   3 |  539.7 |
  Orcish Mines |   1602 |   1429 |    173 |    262 |    767 |   2 |  801.0 |
   Elven Halls |   3734 |   3691 |     43 |    970 |    961 |   3 | 1244.7 |
         Abyss |    802 |    802 |      0 |     91 |      0 |   4 |  200.5 |
        Bailey |    276 |    276 |      0 |      0 |     99 |   1 |  276.0 |
               +--------+--------+--------+--------+--------+-----+--------+

Top non-repeatable levels by time:
Spider:3: 1891 daAuts
Spider:4: 1779 daAuts
   Elf:1: 1773 daAuts
  Lair:2: 1666 daAuts
  Lair:5: 1556 daAuts
    D:13: 1551 daAuts
 Swamp:3: 1504 daAuts
    D:15: 1355 daAuts
  Lair:3: 1307 daAuts
     D:2: 1266 daAuts
     D:6: 1259 daAuts
   Elf:2: 1232 daAuts
     D:5: 1185 daAuts
    D:14: 1115 daAuts
     D:9: 1070 daAuts
